 Dungeon Crawl Stone Soup version 0.29.1-12-g30fa7ad0bf (webtiles) character file.

Game seed: 2229565151788859517

10497 4FPSwarrior the Fighter (level 11, -1/89 HPs)
             Began as a Demonspawn Hedge Wizard on Jan 14, 2023.
             Was a Priest of Dithmenos.
             Slain by Jorgrun
             ... wielding a +0 vorpal quarterstaff
              (3 damage)
             ... on level 1 of the Orcish Mines on Jan 17, 2023.
             The game lasted 00:51:24 (17563 turns).

4FPSwarrior the Fighter (Demonspawn Hedge Wizard)  Turns: 17563, Time: 00:51:25

Health: -1/89      AC: 25    Str: 10    XL:     11   Next: 37%
Magic:  21/21      EV: 12    Int: 16    God:    Dithmenos [***...]
Gold:   562        SH:  4    Dex: 23    Spells: 19/23 levels left

rFire   . . .      SeeInvis .   e - +2 dagger (protect)
rCold   + . .      Faith    .   (no shield)
rNeg    . . .      Spirit   .   E - +3 leather armour {rC+}
rPois   .          Reflect  .   u - +2 helmet
rElec   .          Harm     .   r - +0 cloak
rCorr   .          Rampage  .   M - +0 pair of gloves
Will    +....                   (no boots)
Stlth   ++........              J - amulet of magic regeneration
HPRegen 0.24/turn               s - +6 ring of dexterity
MPRegen 0.57/turn               A - ring of willpower

@: silenced, under a protective aura, wreathed by umbra
A: molten scales 2, icemail 1, spiny 2, condensation shield, weakness stinger 1
a: Renounce Religion


You were on level 1 of the Orcish Mines.
You worshipped Dithmenos.
Dithmenos was most pleased with you.
You visited 4 branches of the dungeon, and saw 17 of its levels.

You collected 772 gold pieces.
You spent 210 gold pieces at shops.

Inventory:

Hand Weapons
 a - a +2 vampiric dagger
 e - a +2 dagger of protection (weapon)
 o - a +2 hand axe of flaming
 D - a +2 rapier of protection
 L - a +3 dagger of freezing
 R - a +4 dagger
Missiles
 I - a throwing net
Armour
 r - a +0 cloak (worn)
 u - a +2 helmet (worn)
 E - a +3 leather armour of cold resistance (worn)
 F - a +0 buckler
 M - a +0 pair of gloves (worn)
Jewellery
 s - a +6 ring of dexterity (left hand)
 v - a ring of wizardry
 A - a ring of willpower (right hand)
 J - an amulet of magic regeneration (around neck)
 N - a ring of protection from fire
Wands
 t - a wand of roots (6)
 w - a wand of mindburst (17)
 y - a wand of light (20)
Scrolls
 d - a scroll of noise {unknown}
 g - 3 scrolls of fear
 h - 4 scrolls of silence
 k - a scroll of immolation
 l - 2 scrolls of torment
 n - 2 scrolls of vulnerability {unknown}
 q - 6 scrolls of teleportation
 B - 2 scrolls of poison {unknown}
 C - a scroll of fog {unknown}
 O - 2 scrolls of blinking {unknown}
 Q - 2 scrolls of enchant weapon {unknown}
Potions
 b - a potion of cancellation {unknown}
 c - 6 potions of curing
 f - 4 potions of brilliance
 i - a potion of attraction {unknown}
 m - a potion of flight {unknown}
 p - 5 potions of haste {unknown}
 x - 4 potions of lignification
 z - a potion of resistance {unknown}
 G - 3 potions of mutation {unknown}
 H - a potion of berserk rage {unknown}
 P - a potion of ambrosia


   Skills:
 + Level 9.2 Fighting
 * Level 5.4 Short Blades
 - Level 1.7 Dodging
 - Level 1.7 Stealth
 * Level 0.5 Shields
 - Level 6.7 Spellcasting
 - Level 7.0 Conjurations
 + Level 8.9 Hexes
 - Level 1.0 Summonings
 - Level 0.8 Translocations
 + Level 7.3 Invocations


You had 19 spell levels left.
You knew the following spells:

 Your Spells              Type           Power      Damage    Failure   Level
a - Magic Dart            Conj           100%       1d8       1%          1
b - Confusing Touch       Hex            34%        N/A       1%          3

Your spell library contained the following spells:

 Spells                   Type           Power      Damage    Failure   Level
 Slow                     Hex            100%       N/A       1%          1
 Apportation              Tloc           16%        N/A       12%         1
 Summon Small Mammal      Summ           32%        N/A       12%         1
 Conjure Flame            Conj/Fire      16%        6-21      12%         3
 Necrotise                Necr           20%        1d5       17%         1
 Call Imp                 Summ           8%         N/A       17%         2
 Blink                    Tloc           16%        N/A       19%         2
 Mephitic Cloud           Conj/Pois/Air  12%        N/A       21%         3
 Sublimation of Blood     Necr           5%         N/A       26%         2
 Vampiric Draining        Necr           5%         2d6       45%         3
 Irradiate                Conj/Tmut      8%         3d14      75%         5
 Petrify                  Tmut/Erth      5%         N/A       86%         4


Dungeon Overview and Level Annotations

Branches:
Dungeon (13/15)            Temple (1/1) D:5            Lair (1/5) D:8
    Orc (2/2) D:10
    Elf: Orc:2       Vaults: D:13-14

Altars:
Ashenzari
Cheibriados
Dithmenos
Fedhas
Gozag
Hepliaklqana
Makhleb
Nemelex Xobeh
Okawaru
Qazlal
Ru
Sif Muna
Trog
Uskayaw
Vehumet
Wu Jian
Xom
Yredelemnul

Shops:
D:9 *

Annotations:
D:6 2 runed translucent doors
D:11 Lodul
Orc:1 Jorgrun


Innate Abilities, Weirdness & Mutations

You are mostly covered in molten scales. (AC +3)
A meltable icy envelope protects you from harm. (AC +4)
You are mostly covered in sharp spines.
A meltable shield of frost defends you. (SH +4)
You have a small tail.


Message History

Your hands begin to glow red.
Jorgrun hits you with a +0 vorpal quarterstaff.
* * * LOW HITPOINT WARNING * * *
x2 You hit Jorgrun but do no damage.
You tail-slap Jorgrun, but do no damage.
Jorgrun is lightly wounded.
As you read the scroll of silence, it crumbles to dust.
A profound silence engulfs you. Jorgrun is struck by your spines.
Jorgrun hits you but does no damage.
You hit the orc sorcerer but do no damage.
The orc sorcerer appears confused.
Your tail-slap misses the orc sorcerer.
The orc sorcerer is lightly wounded.
Jorgrun hits you but does no damage.
You barely miss the orc sorcerer.
The orc sorcerer is lightly wounded.
Jorgrun closely misses you.
You hit Jorgrun.
Your weapon exudes an aura of protection.
Jorgrun is lightly wounded.
Jorgrun is struck by your spines. Jorgrun hits you but does no damage.
You hit Jorgrun but do no damage.
Jorgrun is moderately wounded.
You barely miss Jorgrun.
Your tail-slap misses Jorgrun.
Jorgrun is moderately wounded.
Jorgrun closely misses you.
You hit the orc sorcerer.
The orc sorcerer is lightly wounded.
You block the orc sorcerer's attack. Jorgrun hits you but does no damage.
You hit the orc sorcerer.
The orc sorcerer is moderately wounded.
You hit the orc sorcerer but do no damage.
You tail-slap the orc sorcerer, but do no damage.
The orc sorcerer is moderately wounded.
Jorgrun hits you but does no damage.
You catch the helpless orc sorcerer completely off-guard!
You puncture the orc sorcerer!
The orc sorcerer is severely wounded.
Jorgrun hits you with a +0 vorpal quarterstaff!
* * * LOW HITPOINT WARNING * * *
You die...

#....##......#.##
##..#.#.........##
##.##...#.........##
#....#........#....#
##.......#........##
#.............#.##
##.#.....#.......##
##...........[)..#
##......>....@g.#
####..........o÷##
##.#.....##.[....##
#........[.<...[..#
#......#..).)....##
##.##.####.##...##
###### ########


You could see Jorgrun and an orc sorcerer (confused).

Vanquished Creatures
  Joseph (D:9)
  Maurice (D:8)
  A cane toad (Lair:1)
  An unseen horror (D:11)
  A komodo dragon (D:8)
  A kobold demonologist (D:7)
  4 trolls
  Grinder (D:5)
  Prince Ribbit (D:7)
  Sigmund (D:3)
  A wraith (D:5)
  Eustachio (D:5)
  14 yaks
  A steam dragon (D:6)
  7 vampire mosquitoes
  2 wargs
  Menkaure (D:4)
  An acid dragon (D:12)
  A water moccasin (D:7)
  6 orc warriors
  3 centaurs
  2 ogres
  A phantom (D:4)
  2 kobold brigands
  2 bullfrogs
  A gnoll sergeant (D:8)
  A scorpion (D:5)
  5 wights
  12 killer bees
  An electric eel (Lair:1)
  3 howler monkeys
  5 hounds
  2 jellies
  2 gnoll boudas
  2 orc priests
  Ijyb (D:4)
  Jessica (D:3)
  3 iguanas (D:5)
  Natasha (thrice) (D:4)
  12 orc wizards
  Robin (D:3)
  13 gnolls
  3 river rats (D:3)
  2 white imps
  An ufetubus (D:5)
  3 dart slugs
  2 worms
  41 orcs
  15 ball pythons
  7 endoplasms
  5 giant cockroaches
  14 goblins
  14 hobgoblins
  5 jackals (D:1)
  19 kobolds
  4 quokkas
  3 bats
  6 frilled lizards
  7 rats
277 creatures vanquished.

Vanquished Creatures (others)
  65 plants
65 creatures vanquished.

Grand Total: 342 creatures vanquished

Notes
Turn   | Place    | Note
-------+----------+-------------------------------------------
     0 | D:1      | 4FPSwarrior the Demonspawn Hedge Wizard began the quest for
                  | the Orb.
     0 | D:1      | Reached XP level 1. HP: 13/13 MP: 4/4
   459 | D:1      | Gained mutation: You are partially covered in molten
                  | scales. (AC +2) [demonic ancestry]
   459 | D:1      | Reached XP level 2. HP: 20/20 MP: 1/6
   859 | D:1      | Reached skill level 1 in Fighting
  1084 | D:1      | Gained mutation: A meltable shield of frost defends you.
                  | (SH +4) [demonic ancestry]
  1084 | D:1      | Reached XP level 3. HP: 26/26 MP: 2/7
  1461 | D:1      | Found a sparkling altar of Nemelex Xobeh.
  2730 | D:3      | Noticed Robin
  2731 | D:3      | Gained mutation: You have a small tail. [demonic ancestry]
  2731 | D:3      | Reached XP level 4. HP: 32/32 MP: 5/9
  2928 | D:2      | Learned a level 3 spell: Confusing Touch
  3628 | D:3      | Noticed Sigmund
  3664 | D:3      | Killed Robin
  3665 | D:3      | Reached skill level 2 in Fighting
  3665 | D:3      | Reached skill level 1 in Hexes
  3802 | D:3      | Noticed a centaur
  3895 | D:4      | Gained mutation: You are mostly covered in molten scales.
                  | (AC +3) [demonic ancestry]
  3895 | D:4      | Reached XP level 5. HP: 30/38 MP: 0/10
  4358 | D:4      | Noticed Natasha
  4368 | D:4      | Killed Natasha
  4461 | D:4      | Noticed Natasha
  4477 | D:4      | Killed Natasha
  4518 | D:4      | Noticed Natasha
  4548 | D:4      | Killed Natasha
  4744 | D:4      | Noticed Menkaure
  4924 | D:4      | Killed Menkaure
  4925 | D:4      | Reached skill level 3 in Fighting
  4925 | D:4      | Reached skill level 1 in Short Blades
  4925 | D:4      | Reached XP level 6. HP: 27/47 MP: 6/12
  5130 | D:4      | Noticed Ijyb
  5144 | D:4      | Killed Ijyb
  5746 | D:5      | Entered Level 5 of the Dungeon
  5838 | D:5      | Gained mutation: You are partially covered in sharp spines.
                  | [demonic ancestry]
  5838 | D:5      | Reached XP level 7. HP: 53/53 MP: 7/13
  5950 | D:5      | Found a staircase to the Ecumenical Temple.
  5990 | Temple   | Entered the Ecumenical Temple
  5997 | Temple   | Became a worshipper of Dithmenos the Shadowed
  6182 | D:5      | Noticed Grinder
  6282 | D:5      | Noticed a wraith
  6313 | D:5      | Killed a wraith
  6314 | D:5      | Reached skill level 4 in Fighting
  6314 | D:5      | Reached skill level 1 in Invocations
  6733 | D:5      | Noticed Eustachio
  6955 | D:6      | Noticed a steam dragon
  7437 | D:3      | Noticed Jessica
  7442 | D:3      | Killed Jessica
  7524 | D:3      | Reached XP level 8. HP: 44/61 MP: 11/14
  7553 | D:3      | Killed Sigmund
  8064 | D:6      | Found a runed translucent door.
  8067 | D:6      | Found a runed translucent door.
  8217 | D:6      | Reached skill level 5 in Fighting
  8362 | D:6      | Noticed a troll
  8370 | D:6      | Killed a troll
  8371 | D:6      | Reached skill level 5 in Hexes
  8418 | D:6      | Noticed an eight-headed hydra
  8793 | D:5      | Killed Eustachio
  8794 | D:5      | Reached skill level 5 in Spellcasting
  8794 | D:5      | Reached skill level 5 in Conjurations
  8887 | D:5      | Reached * piety under Dithmenos
  8909 | D:5      | Killed Grinder
  8910 | D:5      | Gained mutation: You are mostly covered in sharp spines.
                  | [demonic ancestry]
  8910 | D:5      | Reached XP level 9. HP: 62/69 MP: 13/16
  9253 | D:6      | Reached skill level 6 in Fighting
  9733 | D:7      | Noticed Prince Ribbit
  9757 | D:7      | Killed Prince Ribbit
 10295 | D:8      | Found an iron altar of Okawaru.
 10438 | D:8      | Noticed a kobold demonologist
 10705 | D:8      | Reached ** piety under Dithmenos
 11012 | D:8      | Noticed Maurice
 11229 | D:8      | Noticed a soul eater
 11249 | D:7      | Killed a kobold demonologist
 11250 | D:7      | Reached skill level 7 in Fighting
 11250 | D:7      | Reached skill level 5 in Invocations
 11432 | D:8      | Killed Maurice
 11551 | D:8      | Gained mutation: A meltable icy envelope protects you from
                  | harm. (AC +4) [demonic ancestry]
 11551 | D:8      | Reached XP level 10. HP: 60/79 MP: 18/18
 11725 | D:8      | Found a staircase to the Lair.
 12195 | D:9      | Noticed Joseph
 12228 | D:9      | Killed Joseph
 12401 | D:8      | Found an iron altar of Okawaru.
 12672 | D:8      | Found a staircase to the Lair.
 13552 | D:9      | Found a basalt altar of Yredelemnul.
 13571 | D:9      | Found a sparkling altar of Nemelex Xobeh.
 13639 | D:9      | Found Rophur's General Store.
 13650 | D:9      | Reached skill level 8 in Fighting
 13767 | D:9      | Bought a potion of ambrosia for 120 gold pieces
 13767 | D:9      | Bought a scroll of teleportation for 45 gold pieces
 13767 | D:9      | Bought a potion of lignification for 45 gold pieces
 13982 | D:9      | Noticed a molten gargoyle
 14054 | D:9      | Noticed a molten gargoyle
 14078 | D:10     | Entered Level 10 of the Dungeon
 14099 | D:10     | Reached *** piety under Dithmenos
 14198 | D:10     | Found a shimmering altar of Xom.
 14397 | D:10     | You fall into a shaft and drop 3 floors!
 14696 | D:11     | Noticed a two-headed ogre
 14904 | D:10     | Found a staircase to the Orcish Mines.
 14961 | D:10     | Reached skill level 5 in Short Blades
 15184 | D:10     | Reached XP level 11. HP: 77/87 MP: 15/20
 15678 | Lair:1   | Entered Level 1 of the Lair of Beasts
 15696 | Lair:1   | Noticed a six-headed hydra
 16424 | D:11     | Reached skill level 9 in Fighting
 16531 | D:11     | Noticed Lodul
 16749 | Orc:1    | Entered Level 1 of the Orcish Mines
 17096 | Orc:2    | Entered Level 2 of the Orcish Mines
 17363 | Orc:2    | Noticed Jorgrun
 17539 | Orc:2    | Noticed an orc sorcerer
 17545 | Orc:2    | Noticed a sun demon
 17563 | Orc:1    | HP: 2/89 [Jorgrun/+0 vorpal quarterstaff (15)]
 17563 | Orc:1    | Slain by Jorgrun

Illustrated notes

Levels and vault maps discovered:
D:1:      roderic_crop_circles_arrival_small, layout_basic,
          dreamdust_ecumenical_altar_hidden_monk_grotto,
          minmay_misc_feat_nine_boxes, minmay_hexomino_r4
D:2:      layout_basic
D:3:      layout_loops_ring, portal_sewer_entry_e, minivault_11, uniq_sigmund,
          uniq_jessica, uniq_robin
D:4:      layout_basic, uniq_menkaure, uniq_natasha, uniq_ijyb
D:5:      layout_basic, minmay_temple_entry_wispy, uniq_grinder, uniq_eustachio
D:6:      lemuel_insect_pit, layout_rooms, gammafunk_temple_overflow_elements,
          kb_rosetta
D:7:      layout_gridville, uniq_prince_ribbit1
D:8:      layout_loops_cross, overflow_temple_1_default,
          okawaru_ov_weapons_minmay, david_lair_shrubbed, uniq_maurice
D:9:      layout_loops_ring, mainiacjoe_overflow_divided_tiny,
          minmay_shop_grid_forest, minivault_8, uniq_joseph
D:10:     layout_long_grid, mainiacjoe_overflow_catwalk, orc_0_dummy
D:11:     layout_grid_maze, uniq_lodul
D:12:     argonaut_augean_stables, layout_basic, gammafunk_ghost_nasty_kobolds,
          kennysheep_windowed_goal
D:13:     layout_cave_pods, serial_rivers, chequers_serial_rivers_room_b,
          chequers_serial_rivers_micro_a, chequers_serial_rivers_marsh,
          chequers_serial_rivers_small_3
Temple:   nicolae_temple_no_exploring_needed
Lair:1:   layout_gridlike, minivault_23, kennysheep_abandoned_house,
          infiniplex_staircase_pool
Orc:1:    layout_caves, uniq_urug
Orc:2:    st_orc_mages, layout_caves, portal_ice_cave_entry_pillars_2,
          serial_shops, shop, uniq_jorgrun

Skill      XL: |  1  2  3  4  5  6  7  8  9 10 11 |
---------------+----------------------------------+-----
Conjurations   | 2 3 4 5 6 7 |  7.0
Fighting       | 1 2 3 4 5 7 8 9 |  9.2
Hexes          | 1 2 3 4 5 6 8 |  8.9
Short Blades   | 1 2 3 4 5 |  5.4
Spellcasting   | 4 5 6 |  6.7
Invocations    | 2 3 5 6 7 |  7.3
Dodging        | |  1.7
Stealth        | |  1.7
Shields        | |  0.5
Summonings     | |  1.0
Translocations | |  0.8

Action                   |  1- 3 |  4- 6 |  7- 9 | 10-12 || total
-------------------------+-------+-------+-------+-------++-------
Melee: Dagger            |    24 |   145 |   322 |   332 ||   823
       Tailslap          |       |    24 |    73 |    75 ||   172
       Punch             |       |     1 |     7 |     5 ||    13
 Cast: Magic Dart        |   135 |   116 |    34 |    27 ||   312
       Confusing Touch   |       |    12 |    75 |    82 ||   169
Invok: Shadow Step       |       |       |       |     1 ||     1
  Use: Potion            |     1 |     1 |     2 |     2 ||     6
       Scroll            |       |     3 |     6 |     2 ||    11
 Stab: Confused          |       |     7 |    39 |    41 ||    87
       Sleeping          |       |     1 |    11 |     2 ||    14
       Distracted        |       |       |     1 |       ||     1
Armor: Robe              |     9 |    50 |    60 |       ||   119
       Leather armour    |       |       |    59 |   124 ||   183
Dodge: Dodged            |    37 |    72 |   130 |   174 ||   413
Block: Other             |     3 |    24 |    51 |    49 ||   127
